 Dungeon Crawl Stone Soup version 0.26-a0-597-gb535b0901c (webtiles) character file.

Game seed: 10687623476144697294

285 MackTheKnife the Skirmisher (level 6, 0/57 HPs)
             Began as a Draconian Artificer on Sept 11, 2020.
             Was an Initiate of Gozag.
             Slain by an orc wizard
             ... wielding a +2 vampiric dagger
              (1 damage)
             ... on level 4 of the Dungeon on Sept 12, 2020.
             The game lasted 00:04:06 (3832 turns).

MackTheKnife the Skirmisher (Draconian Artificer)   Turns: 3832, Time: 00:04:07

Health: 0/57       AC:  7    Str: 17    XL:     6   Next: 7%
Magic:  6/6        EV: 13    Int: 11    God:    Gozag
Gold:   447        SH:  0    Dex: 11    Spells: 5/5 levels left

rFire    . . .     SeeInvis .   h - +0 spear
rCold    . . .     Faith    .   (no shield)
rNeg     . . .     Spirit   .   (armour unavailable)
rPois    .         Reflect  .   (helmet restricted)
rElec    .         Harm     .   (no cloak)
rCorr    .                      (no gloves)
MR       .....                  k - +0 pair of boots
Stlth    ..........             (no amulet)
HPRegen  0.19/turn              m - ring of attention (curse)
MPRegen  0.10/turn              (no ring)

@: no status effects
A: unfitting armour, cold-blooded, AC +6
a: Potion Petition, Call Merchant, Bribe Branch, Renounce Religion


You were on level 4 of the Dungeon.
You worshipped Gozag.
Gozag was aware of your devotion.
You visited 1 branch of the dungeon, and saw 4 of its levels.

You collected 474 gold pieces.
You paid 27 gold pieces to Gozag.

Inventory:

Hand Weapons
 h - a +0 spear (weapon)
   (You found it on level 1 of the Dungeon)
 C - a +1 antimagic dagger
   (You found it on level 3 of the Dungeon)
Armour
 k - a +0 pair of boots (worn)
   (You found it on level 1 of the Dungeon)
 q - a +1 cloak
   (You found it on level 2 of the Dungeon)
Jewellery
 m - a cursed ring of attention (left hand)
   (You found it on level 1 of the Dungeon)
Wands
 b - a wand of flame (2)
 c - a wand of enslavement (11)
 d - a wand of random effects (15)
 t - a wand of disintegration (5)
   (You found it on level 2 of the Dungeon)
 B - a wand of acid (5)
   (You took it off an orc on level 3 of the Dungeon)
Scrolls
 a - a scroll of enchant weapon {unknown}
 f - a scroll of fear {unknown}
 i - 2 scrolls of random uselessness {unknown}
 j - 2 scrolls of remove curse {unknown}
 n - a scroll of blinking {unknown}
 o - 2 scrolls of immolation {unknown}
 u - a scroll of teleportation {unknown}
 y - 2 scrolls of identify {unknown}
 A - 3 scrolls of amnesia {unknown}
Potions
 e - 3 potions of curing {unknown}
 g - a potion of lignification {unknown}
 l - a potion of invisibility {unknown}
 p - a potion of mutation {unknown}
 r - a potion of brilliance {unknown}
 s - a potion of stabbing {unknown}
 v - a potion of berserk rage {unknown}
 w - 2 potions of heal wounds {unknown}
 x - a potion of haste
 z - a potion of ambrosia {unknown}


   Skills:
 + Level 5.8 Fighting
 + Level 3.5 Dodging
 - Level 0.8 Stealth
 - Level 3.0 Evocations


You had 5 spell levels left.
You didn't know any spells.
Your spell library was empty.

Dungeon Overview and Level Annotations

Branches:
Dungeon (4/15)
 Temple: D:4-7

Altars:
Gozag


Innate Abilities, Weirdness & Mutations

Your plain brown scales are hard. (AC +6)
You cannot fit into any form of body armour.
You are cold-blooded and may be slowed by cold attacks.


Message History

Aim: an orc priest, wielding a -1 trident (heavily wounded)
The puff of flame misses the orc priest.
The orc priest mumbles some strange prayers to Beogh against you.
Pain shoots through your body!
You take 7 damage, and have 41/48 hp.
Aim: an orc priest, wielding a -1 trident (heavily wounded)
The puff of flame hits the orc priest.
An orc wizard comes into view. It is wielding a +0 dagger.
Aim: an orc priest, wielding a -1 trident (severely wounded, chance to defeat MR: 54%)
The orc wizard resists with significant effort.
The orc wizard shouts!
Aim: an orc priest, wielding a -1 trident (severely wounded, chance to defeat MR: 54%)
The orc priest resists with significant effort.
Aim: an orc wizard, wielding a +2 vampiric dagger and wearing a +0 robe (chance to defeat MR: 54%)
The orc wizard is charmed.
The orc priest invokes the aid of Beogh against you.
Beogh smites you!
The orc hits your orc wizard with a +0 hand axe.
You take 8 damage, and have 34/48 hp.
Aim: an orc wizard, wielding a +0 dagger and wearing a +0 robe (chance to defeat MR: 77%)
The orc wizard is blasted!!
You blow up the orc wizard!
Your orc wizard hits the orc but does no damage.
The orc closely misses your orc wizard.
You regained 2 hp, and now have 36/50 hp.
Your orc wizard hits the orc but does no damage.
The orc hits your orc wizard with a +0 hand axe.
You reach to attack!
You hit the orc priest.
Your orc wizard casts a spell at the orc.
The puff of frost hits the orc!
The orc dies!
The orc priest hits you but does no damage.
You reach to attack!
You hit the orc priest.
You kill the orc priest!
You have reached level 6!
Your experience leads to an increase in your attributes!
Increase (s)trength, (i)ntelligence, or (d)exterity?
You feel stronger.
Your scales feel tougher.
You regained 5 hp, and now have 41/57 hp.
MP restored: 6 You now have 447 gold pieces (gained 3).
You see here a cursed -1 trident.
Really attack your orc wizard?
You hit your orc wizard but do no damage.
The orc wizard is no longer charmed.
The orc wizard hits you with a +2 vampiric dagger.
The orc wizard draws strength from your wounds!
You take 2 damage, and have 40/57 hp.
You hit the orc wizard. The orc wizard casts a spell at you.
The puff of frost hits you.
You take 4 damage, and have 36/57 hp.
You puncture the orc wizard!
The orc wizard casts a spell.
The orc wizard flickers and vanishes!
Deactivating autopickup; reactivate with Ctrl-A.
Something hits you but does no damage.
You barely miss something. Something barely misses you.
You miss something. Something hits you.
You take 3 damage, and have 34/57 hp.
You closely miss something. Something hits you.
You take 1 damage, and have 33/57 hp.
You miss something. Something completely misses you.
You miss something.
You hear some strange, mumbled words.
You barely miss something. Something hits you.
You hear some strange, mumbled words.
A magic dart appears from out of thin air!
The magic dart hits you.
You take 10 damage, and have 24/57 hp.
You closely miss something. Something hits you but does no damage.
Something hits you. Something hits you but does no damage.
You take 4 damage, and have 20/57 hp.
Something hits you.
* * * LOW HITPOINT WARNING * * *
You take 3 damage, and have 17/57 hp.
Unknown command.
The puff of flame hits something.
Something hits you but does no damage. x2
You barely miss something. Something barely misses you.
You miss something. Something hits you but does no damage. Something hits you.
* * * LOW HITPOINT WARNING * * *
You take 4 damage, and have 14/57 hp.
You miss something.
Something hits you but does no damage. x2
You barely miss something.
You hear some strange, mumbled words.
A puff of flame appears from out of thin air!
The puff of flame hits you.
* * * LOW HITPOINT WARNING * * *
You take 3 damage, and have 11/57 hp.
You closely miss something. You tail-slap something.
You hear some strange, mumbled words.
A magic dart appears from out of thin air!
The magic dart hits you!
* * * LOW HITPOINT WARNING * * *
You take 8 damage, and have 3/57 hp.
You miss something. Something hits you.
* * * LOW HITPOINT WARNING * * *
Something hits you.
You die...
Your body crumbles into a pile of gold.

#.........##
##.......
##........##
##.)....
#.........#
#......
##.........#
#......
#..........#
#.....#
...........#
#...###
#.......$..#
#....
#.....$....#
#.....
#..$...@...#
#......
#......{...#
#......
#......)....#
.......
.....$.........
###....#
...............#
##........$....#
#.............#
#.............#


There were no monsters in sight!

Vanquished Creatures
  A bullfrog zombie (D:4)
  An orc wizard (D:4)
  2 orc priests (D:4)
  7 adders
  An adder skeleton (D:3)
  2 worms
  A dart slug (D:2)
  6 orcs
  12 giant cockroaches
  6 goblins
  5 hobgoblins
  2 kobolds (D:3)
  3 quokkas
  3 ball pythons
  6 bats
  8 frilled lizards
  4 rats
70 creatures vanquished.

Vanquished Creatures (collateral kills)
  An orc priest (D:4)
  An orc (D:4)
2 creatures vanquished.

Grand Total: 72 creatures vanquished

Notes
Turn   | Place    | Note
-------+----------+-------------------------------------------
     0 | D:1      | MackTheKnife the Draconian Artificer began the quest for
                  | the Orb.
     0 | D:1      | Reached XP level 1. HP: 16/16 MP: 1/1
   648 | D:1      | Reached skill level 2 in Fighting
   677 | D:1      | Reached XP level 2. HP: 22/25 MP: 2/2
  1242 | D:2      | Reached skill level 3 in Fighting
  1584 | D:2      | Reached XP level 3. HP: 28/31 MP: 3/3
  1612 | D:2      | Found an opulent altar of Gozag.
  1663 | D:2      | Became a worshipper of Gozag Ym Sagoz the Greedy
  1996 | D:2      | Reached skill level 4 in Fighting
  2010 | D:2      | Reached XP level 4. HP: 24/40 MP: 4/4
  2542 | D:3      | HP: 6/41 [acid (16)]
  3346 | D:4      | Reached skill level 5 in Fighting
  3475 | D:4      | Reached XP level 5. HP: 43/48 MP: 5/5
  3559 | D:4      | Reached skill level 3 in Dodging
  3810 | D:4      | Reached XP level 6. HP: 41/57 MP: 6/6
  3828 | D:4      | HP: 14/57 [something (4)]
  3831 | D:4      | HP: 3/57 [something/magic dart (9)]
  3832 | D:4      | HP: 1/57 [something (2)]
  3832 | D:4      | Slain by an orc wizard

Illustrated notes

Levels and vault maps discovered:
D:1:      minmay_arrival_split_and_join, layout_basic, serial_curves,
          eino_curves_03, eino_curves_01, minmay_vboxes
D:2:      minmay_roachtagon, layout_loops_ring, grunt_gozag_statues
D:3:      layout_basic
D:4:      layout_layer_cave, marbit_many_paths, serial_bayou_pond_a

Skill      XL: |  1  2  3  4  5 |
---------------+----------------+-----
Fighting       | 2 3 4 5 |  5.8
Dodging        | 3 |  3.5
Stealth        | |  0.8
Evocations     | |  3.0

Action                   |  1- 3 |  4- 6 || total
-------------------------+-------+-------++-------
Melee: Spear             |   151 |   130 ||   281
       Club              |     9 |       ||     9
       Tailslap          |    16 |    13 ||    29
Evoke: Wand              |     1 |    18 ||    19
 Stab: Sleeping          |     1 |       ||     1
       Distracted        |       |     1 ||     1
Armor: Skin              |    43 |    37 ||    80
Dodge: Dodged            |    79 |    61 ||   140

Table legend: (Time is in decaauts)
 A = Elapsed time spent in this place.
 B = Non-inter-level travel time spent in this place.
 C = Inter-level travel time spent in this place.
 D = Time resting spent in this place.
 E = Time spent auto-exploring this place.
 F = Levels seen in this place.
 G = Mean time per level.
                   A        B        C        D        E       F      G
               +--------+--------+--------+--------+--------+-----+--------+
         Total |   3860 |   3808 |     52 |    616 |   2641 |   4 |  965.0 |
       Dungeon |   3860 |   3808 |     52 |    616 |   2641 |   4 |  965.0 |
               +--------+--------+--------+--------+--------+-----+--------+

Top non-repeatable levels by time:
     D:2: 1337 daAuts
     D:3: 1043 daAuts
     D:1: 963 daAuts
     D:4: 515 daAuts

Table legend:
 A = Kills in this place as a percentage of kills in entire the game.
 B = Kills by you in this place as a percentage of kills by you in the entire game.
 C = Kills by friends in this place as a percentage of kills by friends in the entire game.
 D = Other kills in this place as a percentage of other kills in the entire game.
 E = Experience gained in this place as a percentage of experience gained in the entire game.
 F = Experience gained in this place divided by the number of levels of this place that you have seen.
                   A       B       C       D       E      F
               +-------+-------+-------+-------+-------+----------------------
         Total | 100.0 | 100.0 | 100.0 |   N/A | 100.0 | 102.0
       Dungeon | 100.0 | 100.0 | 100.0 |   N/A | 100.0 | 102.0
               +-------+-------+-------+-------+-------+----------------------
